 Dungeon Crawl Stone Soup version 0.30-a0-50-gb2d611f6b1 (webtiles) character file.

Game seed: 12786192887065761700

49 MrFrogsmire the Firebug (level 3, 0/20 HPs)
             Began as a Gargoyle Fire Elementalist on Sept 4, 2022.
             Was a Follower of Nemelex Xobeh.
             Slain by Robin
             ... wielding a +4 spear of venom
              (4 damage)
             ... on level 3 of the Dungeon.
             The game lasted 00:07:26 (885 turns).

MrFrogsmire the Firebug (Gargoyle Fire Elementalist) Turns: 885, Time: 00:07:26

Health: 0/20       AC:  8    Str: 11    XL:     3   Next: 77%
Magic:  1/7        EV: 12    Int: 17    God:    Nemelex Xobeh [*.....]
Gold:   29         SH:  0    Dex: 10    Spells: 6/7 levels left

rFire   . . .      SeeInvis .    d - +0 short sword
rCold   . . .      Faith    .    (no shield)
rNeg    + . .      Spirit   .    a - +0 robe
rPois   ∞          Reflect  .    g - +2 helmet
rElec   +          Harm     .    (no cloak)
rCorr   .          Rampage  .    (no gloves)
Will    .....                    (no boots)
Stlth   ++........               (no amulet)
HPRegen 0.06/turn                (no ring)
MPRegen 0.10/turn                (no ring)

@: no status effects
A: sickness immunity, AC +3, negative energy resistance 1, electricity
resistance, torment resistance 1, petrification resistance
a: Renounce Religion, Draw Escape, Draw Destruction, Draw Summoning


You were on level 3 of the Dungeon.
You worshipped Nemelex Xobeh.
Nemelex Xobeh was aware of your devotion.
You visited 1 branch of the dungeon, and saw 3 of its levels.

You collected 29 gold pieces.

Inventory:

Hand Weapons
 d - a +0 short sword (weapon)
Armour
 a - a +0 robe (worn)
 g - a +2 helmet (worn)
Scrolls
 c - a scroll of magic mapping {unknown}
 f - a scroll of identify {unknown}
 h - a scroll of teleportation {unknown}
 i - a scroll of amnesia {unknown}
 l - a scroll of immolation {unknown}
 m - a scroll of blinking {unknown}
 n - a scroll of noise {unknown}
Potions
 b - 2 potions of mutation {unknown}
 e - a potion of haste {unknown}
 j - a potion of flight {unknown}
 k - a potion of curing {unknown}


   Skills:
 + Level 0.4 Fighting
 + Level 0.3 Short Blades
 + Level 2.0 Dodging
 + Level 2.4 Stealth
 + Level 2.7 Spellcasting
 + Level 1.1 Conjurations
 + Level 3.3 Fire Magic


You had 6 spell levels left.
You knew the following spells:

 Your Spells              Type           Power      Damage    Failure   Level
a - Foxfire               Conj/Fire      36%        2x1d5     7%          1

Your spell library contained the following spells:

 Spells                   Type           Power      Damage    Failure   Level
 Scorch                   Fire           26%        2d6       7%          2
 Conjure Flame            Conj/Fire      9%         6-21      22%         3
 Inner Flame              Hex/Fire       8%         N/A       26%         3
 Flame Wave               Conj/Fire      9%         2d6       56%         4


Dungeon Overview and Level Annotations

Branches:
Dungeon (3/15)

Altars:
Ashenzari
Nemelex Xobeh

Shops:
D:3 (

Annotations:
D:3 Robin


Innate Abilities, Weirdness & Mutations

You are immune to sickness and miasma.
Your stone body is resilient. (AC +3)
You are immune to poison.
You resist negative energy. (rN+)
You are resistant to electric shocks. (rElec)
You are resistant to unholy torment.
You are immune to petrification.


Message History

The goblin hits you but does no damage. The goblin attacks as you move away!
The goblin misses you.
The foxfire hits the goblin.
You kill the goblin!
The foxfire hits Robin but does no damage.
Robin throws the goblin at you!
Items here: ))) ††.
You conjure some foxfire!
The goblin misses you. Robin barely misses you.
Your foxfire dissipates!
The foxfire hits Robin.
Robin is lightly wounded.
Robin closely misses you. The goblin completely misses you.
You conjure some foxfire!
The goblin hits you but does no damage.
Robin hits you from afar with a +4 spear of venom!
* * * LOW HITPOINT WARNING * * *
You are too injured to fight recklessly!
The foxfire hits Robin.
Robin is moderately wounded.
The foxfire hits Robin.
Robin is heavily wounded.
The goblin barely misses you.
Things that are here:
a +0 dagger; a goblin corpse Robin roars a battlecry!
The goblin goes into a battle-frenzy!
You are too injured to fight recklessly!
The goblin attacks as you move away! The goblin barely misses you.
A goblin comes into view. It is wielding a +0 dagger.
You barely miss the goblin. The goblin hits you but does no damage.
You closely miss the goblin. The goblin barely misses you.
Robin throws the goblin at you! The goblin attacks as you move away!
The goblin hits you but does no damage. Robin barely misses you.
You hit Robin.
Robin is severely wounded.
The goblin hits you with a +0 dagger.
* * * LOW HITPOINT WARNING * * *
Robin hits you with a +4 spear of venom.
You die...
Your body disappears without a glow.

#............#####..##
#.................#..#
#.................##.####
#.................##....#
#########'###.g...#####...#
#.###.....## #...
#.#.......... >#
########.#.g##########
#.....##.#.@#.........
#.###.##.#.)g.)###### #.#
#....#.##### #.########.#
#..........# ############


You could see Robin and 2 goblins.

Vanquished Creatures
  2 adders
  A dart slug (D:1)
  An endoplasm (D:2)
  8 goblins
  3 hobgoblins
  2 kobolds
  A quokka (D:2)
  4 ball pythons
  A frilled lizard (D:1)
  5 rats
28 creatures vanquished.

Vanquished Creatures (others)
  47 foxfires
47 creatures vanquished.

Grand Total: 75 creatures vanquished

Notes
Turn   | Place    | Note
-------+----------+-------------------------------------------
     0 | D:1      | MrFrogsmire the Gargoyle Fire Elementalist began the quest
                  | for the Orb.
     0 | D:1      | Reached XP level 1. HP: 10/10 MP: 3/3
   104 | D:1      | Reached XP level 2. HP: 13/15 MP: 3/5
   332 | D:2      | Found a broken altar of Ashenzari.
   459 | D:2      | Found a faded altar of an unknown god.
   467 | D:2      | Prayed at the altar of an unknown god.
   467 | D:2      | Became a worshipper of Nemelex Xobeh the Trickster
   467 | D:2      | Reached * piety under Nemelex Xobeh
   513 | D:2      | Reached XP level 3. HP: 17/20 MP: 6/6
   583 | D:3      | Received a gift from Nemelex Xobeh
   585 | D:3      | Found Duathocs's Weapon Boutique.
   869 | D:3      | Noticed Robin
   885 | D:3      | Slain by Robin

Illustrated notes

Levels and vault maps discovered:
D:1:      dpeg_arrival_central, layout_basic, minmay_distorted
D:2:      layout_basic, basic_altar, shapermc_ecumenical_altar_pompeii,
          uniq_natasha, uniq_terence
D:3:      layout_basic, serial_shops, nicolae_shop_trees, uniq_jessica,
          uniq_robin

Skill      XL: |  1  2  3 |
---------------+----------+-----
Dodging        | 2 |  2.0
Fighting       | |  0.4
Short Blades   | |  0.3
Stealth        | |  2.4
Spellcasting   | |  2.7
Conjurations   | |  1.1
Fire Magic     | |  3.3

Action                   || total
-------------------------++-------
Melee: Short sword       ||    52
 Cast: Foxfire           ||    38
  Use: Potion            ||     1
Armor: Robe              ||    20
Dodge: Dodged            ||    51

Table legend: (Time is in decaauts)
 A = Elapsed time spent in this place.
 B = Non-inter-level travel time spent in this place.
 C = Inter-level travel time spent in this place.
 D = Time resting spent in this place.
 E = Time spent auto-exploring this place.
 F = Levels seen in this place.
 G = Mean time per level.
                   A        B        C        D        E       F      G
               +--------+--------+--------+--------+--------+-----+--------+
         Total |    888 |    334 |    554 |      0 |      0 |   3 |  296.0 |
       Dungeon |    888 |    334 |    554 |      0 |      0 |   3 |  296.0 |
               +--------+--------+--------+--------+--------+-----+--------+

Top non-repeatable levels by time:
     D:3: 351 daAuts
     D:1: 285 daAuts
     D:2: 252 daAuts
